 Dungeon Crawl Stone Soup version 0.31-a0-986-g5e6e4ef867 (webtiles) character file.

Game seed: 9822139812473669539

71 jlumianski the Ruffian (level 4, -3/51 HPs)
             Began as a Gnoll Shapeshifter on Nov 9, 2023.
             Slain by an ogre
             ... wielding a +0 giant club
              (5 damage)
             ... on level 4 of the Dungeon.
             The game lasted 00:07:06 (1995 turns).

jlumianski the Ruffian (Gnoll Shapeshifter)         Turns: 1995, Time: 00:07:07

Health: -3/51      AC: 22    Str: 15    XL:     4   Next: 24%
Magic:  5/5        EV:  2    Int: 10    God:
Gold:   99         SH:  0    Dex: 11    Spells: 5/5 levels left

rFire   . .          .
                       - Unarmed
rCold   . . .        (no shield)
rNeg    . . .        n - melded +0 plate armour
rPois   +            (helmet currently unavailable)
rElec   .            (cloak currently unavailable)
rCorr   .            (gloves currently unavailable)
SInv    .            (boots currently unavailable)
Will    .....        (no amulet)
Stlth   +            (no ring)
HPRegen 0.28/turn    (no ring)
MPRegen 0.09/turn

%: no passive effects
@: tree-form
A: stationary, stasis, torment immunity, boosted hp, (fangs 1), strong nose,
distributed training
a: no special abilities


You were on level 4 of the Dungeon.
You were a tree.
You visited 1 branch of the dungeon, and saw 4 of its levels.

You collected 99 gold pieces.

Inventory:

Missiles
 g - 42 stones
 h - 2 poisoned darts (quivered)
 o - a throwing net
Armour
 a - a +0 animal skin
 n - a +0 plate armour (melded)
Talismans
 c - a beast talisman
 d - a flux talisman
Scrolls
 f - a scroll of immolation
 j - a scroll of identify
Potions
 b - a potion of lignification
 e - a potion of haste
 i - a potion of might {unknown}
 k - a potion of berserk rage {unknown}
 l - a potion of brilliance {unknown}
 m - a potion of curing {unknown}
 p - a potion of resistance {unknown}


   Skills:
 + Level 2.7 Fighting
 + Level 1.1 Short Blades
 + Level 1.1 Long Blades
 + Level 1.1 Axes
 + Level 1.1 Maces & Flails
 + Level 1.1 Polearms
 + Level 1.1 Staves
 + Level 1.1 Ranged Weapons
 + Level 1.1 Throwing
 + Level 1.1 Armour
 + Level 4.6 Dodging
 + Level 1.1 Stealth
 + Level 1.1 Shields
 + Level 6.6 Unarmed Combat
 + Level 1.1 Spellcasting
 + Level 0.8 Conjurations
 + Level 0.8 Hexes
 + Level 0.8 Summonings
 + Level 0.8 Necromancy
 + Level 0.8 Translocations
 + Level 0.8 Transmutations
 + Level 0.8 Fire Magic
 + Level 0.8 Ice Magic
 + Level 0.8 Air Magic
 + Level 0.8 Earth Magic
 + Level 0.8 Poison Magic
 + Level 1.2 Invocations
 + Level 1.1 Evocations
 + Level 6.5 Shapeshifting


You had 5 spell levels left.
You didn't know any spells.
Your spell library was empty.

Dungeon Overview and Level Annotations

Branches:
Dungeon (4/15)
 Temple: D:4-7

Altars:
Uskayaw
Vehumet
Xom


Innate Abilities, Weirdness & Mutations

You are a tree.
Your roots penetrate the ground, keeping you stationary.
You cannot be teleported.
You are immune to unholy pain and torment.
Your maximum health is greatly increased.
Your equipment is partially melded.
((You have very sharp teeth.))
Your uncanny sense of smell can sniff out nearby items.
Your experience applies equally to all skills.


Message History

You punch the ball python!
You kill the ball python!
An ogre comes into view. It is wielding a +0 giant club.
The ogre shouts!
Throw: 5 darts (poison)
Press: ? - help, Q - select action, (/) - cycle Shift-Dir - straight line, f - ogre
Aim: an ogre, wielding a +0 giant club (74% to hit)
You throw a poisoned dart.
The poisoned dart barely misses the ogre.
Throw: 4 darts (poison)
Press: ? - help, Q - select action, (/) - cycle Shift-Dir - straight line, f/p - ogre
Aim: an ogre, wielding a +0 giant club (74% to hit)
You throw a poisoned dart.
The poisoned dart barely misses the ogre.
The ogre barely misses you.
Throw: 3 darts (poison)
Press: ? - help, Q - select action, (/) - cycle Shift-Dir - straight line, f/p - ogre
Aim: an ogre, wielding a +0 giant club (74% to hit)
You throw a poisoned dart. The poisoned dart hits the ogre.
The ogre is poisoned.
The ogre hits you with a +0 giant club!!
Ouch! That really hurt!
* * * LOW HITPOINT WARNING * * *
Your transformation has ended.
You turn into a tree.
Your +0 plate armour melds into your body.
Your roots penetrate the ground.
You hit the ogre.
The ogre is moderately wounded.
The ogre completely misses you.
You hit the ogre but do no damage.
The ogre is lightly wounded.
You smack the ogre!
Your punch misses the ogre.
The ogre is severely wounded.
The ogre hits you with a +0 giant club!
* * * LOW HITPOINT WARNING * * *
You hit the ogre.
The ogre is almost dead.
The ogre hits you with a +0 giant club.
You die...

#.#<<##.....
..##......######
...............#
...#...........#
.....####......#
..... #......#
.... #......#
.....#.##......##.
###.......♣.......
.....>.O....###
#...#.......#
....#..(.......
..# #.##....... ..
.. ....... ...
...#### .... ....
∆


You could see an ogre (poisoned).

Vanquished Creatures
  2 adders
  2 worms
  2 dart slugs
  9 endoplasms
  3 giant cockroaches (D:3)
  2 goblins
  3 hobgoblins
  2 quokkas
  6 ball pythons
  A bat (D:1)
  A frilled lizard (D:2)
  6 kobolds
  3 rats
42 creatures vanquished.

Notes
Turn   | Place    | Note
-------+----------+-------------------------------------------
     0 | D:1      | jlumianski the Gnoll Shapeshifter began the quest for the
                  | Orb.
     0 | D:1      | Reached XP level 1. HP: 17/17 MP: 1/1
    78 | D:1      | Found a faded altar of an unknown god.
   200 | D:1      | Reached XP level 2. HP: 23/23 MP: 2/2
   258 | D:2      | HP: 1/23 [gnoll/+0 halberd (13)]
  1228 | D:2      | Reached XP level 3. HP: 28/28 MP: 3/3
  1406 | D:2      | Reached skill level 1 in Invocations
  1465 | D:3      | Found a radiant altar of Vehumet.
  1484 | D:3      | Reached skill level 1 in Short Blades
  1484 | D:3      | Reached skill level 1 in Long Blades
  1484 | D:3      | Reached skill level 1 in Axes
  1484 | D:3      | Reached skill level 1 in Maces & Flails
  1484 | D:3      | Reached skill level 1 in Polearms
  1484 | D:3      | Reached skill level 1 in Staves
  1484 | D:3      | Reached skill level 1 in Ranged Weapons
  1484 | D:3      | Reached skill level 1 in Throwing
  1484 | D:3      | Reached skill level 1 in Armour
  1484 | D:3      | Reached skill level 1 in Stealth
  1484 | D:3      | Reached skill level 1 in Shields
  1484 | D:3      | Reached skill level 1 in Spellcasting
  1484 | D:3      | Reached skill level 1 in Evocations
  1638 | D:2      | Reached XP level 4. HP: 34/34 MP: 5/5
  1847 | D:3      | Found a shimmering altar of Xom.
  1851 | D:3      | Found a hide-covered altar of Uskayaw.
  1985 | D:4      | Noticed an ogre
  1994 | D:4      | HP: 1/51 [ogre/+0 giant club (14)]
  1995 | D:4      | Slain by an ogre

Illustrated notes

Levels and vault maps discovered:
D:1:      saegor_arrival_fortress, layout_basic,
          hellmonk_ecumenical_altar_lost_god,
          hangedman_abyss_or_decor_lesser_grid, nicolae_figureground_pulse
D:2:      layout_basic
D:3:      layout_basic, mainiacjoe_overflow_tiny_flanked,
          nicolae_overflow_hidden_temple, amcnicky_altar_gilded,
          mainiacjoe_overflow_concentric_impassable
D:4:      layout_basic, lemuel_doored_altar, nicolae_dithmenos_the_darkroom,
          gup_sewer_entry_pipe, nicolae_ossuary_entry_plus

Skill      XL: |  1  2  3 |
---------------+----------+-----
Invocations    | 1 |  1.2
Short Blades   | 1 |  1.1
Long Blades    | 1 |  1.1
Axes           | 1 |  1.1
Maces & Flails | 1 |  1.1
Polearms       | 1 |  1.1
Staves         | 1 |  1.1
Ranged Weapons | 1 |  1.1
Throwing       | 1 |  1.1
Armour         | 1 |  1.1
Stealth        | 1 |  1.1
Shields        | 1 |  1.1
Spellcasting   | 1 |  1.1
Evocations     | 1 |  1.1
Fighting       | |  2.7
Dodging        | |  4.6
Unarmed Combat | |  6.6
Conjurations   | |  0.8
Hexes          | |  0.8
Summonings     | |  0.8
Necromancy     | |  0.8
Translocations | |  0.8
Transmutations | |  0.8
Fire Magic     | |  0.8
Ice Magic      | |  0.8
Air Magic      | |  0.8
Earth Magic    | |  0.8
Poison Magic   | |  0.8
Shapeshifting  | |  6.5

Action                     |  1- 3 |  4- 6 || total
---------------------------+-------+-------++-------
  Melee: Unarmed           |    57 |    22 ||    79
         Bite              |     4 |       ||     4
         Punch             |       |     2 ||     2
  Throw: Dart              |       |     3 ||     3
    Use: Scroll            |       |     2 ||     2
         Potion            |       |     1 ||     1
   Stab: Sleeping          |     1 |       ||     1
 Armour: Animal skin       |    21 |       ||    21
         Plate armour      |    10 |    14 ||    24
         Skin              |       |     2 ||     2
  Dodge: Dodged            |    33 |     6 ||    39

Table legend: (Time is in decaauts)
 A = Elapsed time spent in this place.
 B = Non-inter-level travel time spent in this place.
 C = Inter-level travel time spent in this place.
 D = Time resting spent in this place.
 E = Time spent auto-exploring this place.
 F = Levels seen in this place.
 G = Mean time per level.
                   A        B        C        D        E       F      G
               +--------+--------+--------+--------+--------+-----+--------+
         Total |   1988 |   1929 |     59 |    111 |    909 |   4 |  497.0 |
       Dungeon |   1988 |   1929 |     59 |    111 |    909 |   4 |  497.0 |
               +--------+--------+--------+--------+--------+-----+--------+

Top non-repeatable levels by time:
     D:1: 986 daAuts
     D:2: 622 daAuts
     D:3: 357 daAuts
     D:4: 21 daAuts
